 Dungeon Crawl Stone Soup version 0.28.0-53-g5a82cb258f (webtiles) character file.

Game seed: 5515798990634797995

2251 Sin92 the Chopper (level 9, 0/68 HPs)
             Began as a Demonspawn Fighter on June 3, 2022.
             Was a Believer of Okawaru.
             Succumbed to a gnoll sergeant's poison
             ... on level 7 of the Dungeon.
             The game lasted 00:12:18 (5573 turns).

Sin92 the Chopper (Demonspawn Fighter)              Turns: 5573, Time: 00:12:18

Health: 0/68       AC: 19    Str: 21    XL:     9   Next: 15%
Magic:  9/11       EV: 11    Int: 14    God:    Okawaru [**....]
Gold:   276        SH:  6    Dex: 12    Spells: 8/8 levels left

rFire   + . .      SeeInvis .   b - +6 hand axe "Mic Feme" {elec, Fly}
rCold   + . .      Faith    .   c - +0 buckler
rNeg    + . .      Spirit   .   n - +2 chain mail "Fiekuhy" {Contam Harm Int+4 Slay+3}
rPois   .          Reflect  .   (helmet unavailable)
rElec   .          Harm     +   g - scarf {rC+ rF+}
rCorr   .          Rampage  .   (no gloves)
Will    .....                   (no boots)
Stlth   ..........              (no amulet)
HPRegen 0.21/turn               h - +4 ring of protection
MPRegen 0.12/turn               i - ring of positive energy

@: lethally poisoned (0 -> -2), heroic, flying
A: horns 3, molten scales 1, (demonic guardian 2)
a: Renounce Religion, Heroism


You were on level 7 of the Dungeon.
You worshipped Okawaru.
Okawaru was pleased with you.
You visited 2 branches of the dungeon, and saw 8 of its levels.

You collected 276 gold pieces.

Inventory:

Hand Weapons
 a - a +0 war axe
 b - the +6 hand axe "Mic Feme" (weapon) {elec, Fly}
   (You found it on level 5 of the Dungeon)

   It occasionally discharges a powerful burst of electricity upon striking a
   foe.
   Fly:       It grants you flight.
 l - a +5 trident
Missiles
 r - a throwing net (quivered)
Armour
 c - a +0 buckler (worn)
 g - a scarf of resistance (worn)
 n - the +2 chain mail "Fiekuhy" (worn) {Contam Harm Int+4 Slay+3}
   (You found it on level 2 of the Dungeon)

   Int:       It affects your intelligence (+4).
   Slay:      It affects your accuracy & damage with ranged weapons and melee
   (+3).
   Contam:    It causes magical contamination when unequipped.
   Harm:      It increases damage dealt and taken.
 q - a +0 cloak
Jewellery
 h - a +4 ring of protection (left hand)
 i - a ring of positive energy (right hand)
Wands
 k - a wand of iceblast (15)
Scrolls
 e - 5 scrolls of identify
 f - a scroll of vulnerability
 o - 2 scrolls of teleportation
 u - a scroll of noise
Potions
 d - a potion of might
 j - a potion of degeneration
 m - a potion of brilliance
 s - a potion of invisibility


   Skills:
 + Level 5.6(10.6) Fighting
 * Level 6.0(11.2) Axes
 - Level 2.0(9.3) Polearms
 + Level 5.1(10.1) Armour
 + Level 4.2(9.2) Dodging
 + Level 5.1(10.1) Shields
 + Level 3.3 Invocations


You had 8 spell levels left.
You didn't know any spells.
Your spell library contained the following spells:

 Spells                   Type           Power      Damage    Failure   Level
 Sting                    Tmut/Pois      0%         1d3       92%         1
 Poisonous Vapours        Pois/Air       0%         N/A       98%         2
 Ignite Poison            Fire/Tmut/Pois 0%         N/A       100%        3
 Mephitic Cloud           Conj/Pois/Air  0%         N/A       100%        3
 Airstrike                Air            0%         N/A       100%        4
 Olgreb's Toxic Radiance  Pois           0%         N/A       100%        4
 Freezing Cloud           Conj/Ice/Air   0%         6-21      100%        5
 Lightning Bolt           Conj/Air       0%         1d11      100%        5
 Summon Lightning Spire   Summ/Air       Unusable   N/A       N/A         4

Dungeon Overview and Level Annotations

Branches:
Dungeon (7/15)             Temple (1/1) D:6

Altars:
Ashenzari
Cheibriados
Elyvilon
Fedhas
Gozag
Hepliaklqana
Makhleb
Okawaru
Trog
Xom
Zin
Beogh

Shops:
D:3 :   D:5 ?   D:6 ?

Annotations:
D:4 1 runed translucent door, Sin92's ghost, amateur DsFi


Innate Abilities, Weirdness & Mutations

You have a pair of large horns on your head.
You are partially covered in molten scales. (AC +2)
((A demonic guardian rushes to your aid.))


Message History

The gnoll sergeant hits you with a +2 spear of venom!
You are lethally poisoned!
You are too injured to fight recklessly!
Unknown command.
You are too injured to fight recklessly!
Okay, then.
As you read the scroll of fear, it crumbles to dust.
You assume a fearsome visage.
The gnoll sergeant looks frightened!
The gnoll looks frightened!
* * * LOW HITPOINT WARNING * * *
You feel very sick.
Okay, then.
As you read the scroll of teleportation, it crumbles to dust.
You feel strangely unstable.
* * * LOW HITPOINT WARNING * * *
You feel very sick.
Found 11 bolts.
* * * LOW HITPOINT WARNING * * *
You feel very sick.
* * * LOW HITPOINT WARNING * * *
You feel very sick.
Your surroundings suddenly seem different.
* * * LOW HITPOINT WARNING * * *
You feel sick.
Okay, then.
As you read the scroll of teleportation, it crumbles to dust.
You feel strangely unstable.
* * * LOW HITPOINT WARNING * * *
You feel sick.
Unknown command.
Okay, then.
You gain the combat prowess of a mighty hero.
* * * LOW HITPOINT WARNING * * *
You feel sick.
* * * LOW HITPOINT WARNING * * *
You feel sick.
Your surroundings suddenly seem different.
* * * LOW HITPOINT WARNING * * *
You feel sick.
You die...

#.###.......#
#(##.....#..#
#.###.......# #.#
##.#...##
####.###).....#
##........#....#
####..#..###.....###.#
#....###......<..>...#
#.....#...@......#####
###.#...#####.##.#
#.<...### #.##.# ###
#.#.### #.##.# ♣.♣
#.#.# ######.##.#
♣♣♣.♣♣#.#.#
#.........#
...♣......#
#.####.......#
♣♣♣.♣♣#.<.####.#
#######.# # ♣.♣
#........#


There were no monsters in sight!

Vanquished Creatures
  A two-headed ogre (D:7)
  Prince Ribbit (D:5)
  Eustachio (D:5)
  Menkaure (D:4)
  Duvessa (D:6)
  A black bear (D:6)
  A kobold brigand (D:5)
  4 scorpions
  A water moccasin zombie (D:6)
  Dowan (D:6)
  A killer bee (D:7)
  2 orc priests (D:4)
  A centaur skeleton (D:7)
  A centaur zombie (D:7)
  A bullfrog skeleton (D:5)
  Ijyb (D:5)
  5 orc wizards
  2 iguanas (D:6)
  A scorpion zombie (D:5)
  A killer bee zombie (D:7)
  7 adders
  3 gnolls (D:7)
  A howler monkey skeleton (D:5)
  A shadow imp (D:5)
  3 ufetubi
  A dart slug (D:5)
  17 orcs
  3 bats
  3 endoplasms
  2 goblins (D:2)
  7 hobgoblins
  2 quokkas
  3 ball pythons
  2 frilled lizards (D:2)
  3 kobolds
  4 rats
91 creatures vanquished.

Vanquished Creatures (collateral kills)
  An orc (D:4)
1 creature vanquished.

Grand Total: 92 creatures vanquished

Notes
Turn   | Place    | Note
-------+----------+-------------------------------------------
     0 | D:1      | Sin92 the Demonspawn Fighter began the quest for the Orb.
     0 | D:1      | Reached XP level 1. HP: 18/18 MP: 1/1
   213 | D:1      | You fall into a shaft and drop 1 floor!
   223 | D:2      | Reached skill level 2 in Axes
   223 | D:2      | Gained mutation: You are partially covered in molten
                  | scales. (AC +2) [demonic ancestry]
   223 | D:2      | Reached XP level 2. HP: 6/24 MP: 2/2
   729 | D:2      | Found a shimmering altar of Xom.
   791 | D:2      | Gained mutation: A weak demonic guardian rushes to your
                  | aid. [demonic ancestry]
   791 | D:2      | Reached XP level 3. HP: 27/29 MP: 3/3
   830 | D:2      | Reached skill level 1 in Dodging
   833 | D:2      | Identified the +2 chain mail "Fiekuhy" {Contam Harm Int+4
                  | Slay+3}
   865 | D:2      | Identified the +0 pair of boots of Intuition {rC+ Will-
                  | Str-3 Int+9}
  1386 | D:3      | Gained mutation: You have a pair of small horns on your
                  | head. [demonic ancestry]
  1386 | D:3      | Reached XP level 4. HP: 35/35 MP: 4/4
  1596 | D:3      | Found an opulent altar of Gozag.
  1722 | D:3      | Found Kowiol's Book Boutique.
  1861 | D:4      | HP: 1/35 [orc priest/divine providence (15)]
  2278 | D:4      | Reached skill level 3 in Axes
  2278 | D:4      | Reached XP level 5. HP: 37/41 MP: 5/5
  2311 | D:4      | Found the +7 staff of the Meek {protect, meekguard}
  2330 | D:4      | Found a runed translucent door.
  2332 | D:4      | Noticed Sin92's ghost (amateur DsFi)
  2393 | D:4      | Noticed Menkaure
  2399 | D:4      | Killed Menkaure
  2400 | D:4      | Gained mutation: You have a pair of horns on your head.
                  | [demonic ancestry]
  2400 | D:4      | Reached XP level 6. HP: 34/48 MP: 6/6
  2775 | D:4      | Reached skill level 1 in Polearms
  2960 | D:5      | Entered Level 5 of the Dungeon
  3031 | D:5      | Noticed Prince Ribbit
  3037 | D:5      | Killed Prince Ribbit
  3038 | D:5      | Gained mutation: A demonic guardian rushes to your aid.
                  | [demonic ancestry]
  3038 | D:5      | Reached XP level 7. HP: 24/54 MP: 7/7
  3267 | D:5      | Noticed Ijyb
  3274 | D:5      | Killed Ijyb
  3278 | D:5      | Noticed Eustachio
  3294 | D:5      | HP: 1/54 [shadow imp/nerve-wracking pain[Eustachio] (8)]
  3694 | D:5      | Found Lodujuuf's Magic Scroll Boutique.
  3738 | D:5      | Identified the +6 hand axe "Mic Feme" {elec, Fly}
  3935 | D:5      | Reached skill level 4 in Axes
  4002 | D:5      | Found a broken altar of Ashenzari.
  4138 | D:5      | Killed Eustachio
  4239 | D:5      | Found a snail-covered altar of Cheibriados.
  4543 | D:6      | Gained mutation: You have a pair of large horns on your
                  | head. [demonic ancestry]
  4543 | D:6      | Reached XP level 8. HP: 61/61 MP: 8/8
  4549 | D:6      | Found a staircase to the Ecumenical Temple.
  4583 | D:6      | Noticed Duvessa
  4584 | D:6      | Noticed Dowan
  4586 | Temple   | Entered the Ecumenical Temple
  4652 | Temple   | Became a worshipper of Warmaster Okawaru
  4678 | D:6      | Killed Duvessa
  4679 | D:6      | Killed Dowan
  4680 | D:6      | Reached skill level 5 in Axes
  4680 | D:6      | Reached skill level 1 in Invocations
  4702 | D:6      | Reached skill level 5 in Fighting
  5077 | D:6      | Found Kojuc's Magic Scroll Boutique.
  5382 | D:7      | Noticed a two-headed ogre
  5387 | D:7      | Killed a two-headed ogre
  5387 | D:7      | Reached * piety under Okawaru
  5387 | D:7      | Reached ** piety under Okawaru
  5388 | D:7      | Reached skill level 5 in Armour
  5388 | D:7      | Reached skill level 5 in Shields
  5388 | D:7      | Reached XP level 9. HP: 57/68 MP: 9/11
  5391 | D:7      | Reached skill level 6 in Axes
  5571 | D:7      | HP: 2/68 [poisoned by a gnoll sergeant]
  5573 | D:7      | Succumbed to a gnoll sergeant's poison

Illustrated notes

Levels and vault maps discovered:
D:1:      dpeg_arrival_renting, layout_basic, palyth_stone_intersect
D:2:      layout_rooms, basic_altar, grunt_ministairs_12,
          kennysheep_generic_room_6
D:3:      layout_loops_corners, general_overflow_altar, serial_shops, shop
D:4:      layout_gridville, ebering_ghost_sewer_d, pf_guarded_unrand_meek,
          uniq_menkaure
D:5:      layout_loops_corners, lemuel_tele_altar, nicolae_ashenzari_panopticon,
          serial_shops, shop, hangedman_decor_opposing, grunt_ministairs_7,
          uniq_ijyb, uniq_eustachio, uniq_prince_ribbit1
D:6:      layout_cave_pools, minmay_temple_entry_statues_fountains,
          kennysheep_small_circle, uniq_duvessa
D:7:      nzn_winding_woodlands_large [nzn_winding_woodlands_5x5_perimeter,
          nzn_winding_woodlands_5x15_sidewinder,
          nzn_winding_woodlands_5x5_cross, nzn_winding_woodlands_center_garden,
          nzn_winding_woodlands_15x15_killbox,
          nzn_winding_woodlands_center_pierced_h,
          nzn_winding_woodlands_5x5_open_star,
          nzn_winding_woodlands_5x15_parted,
          nzn_winding_woodlands_5x5_checkerboard], layout_loops_ring,
          nicolae_wu_jian_immortal_techniques
Temple:   nicolae_temple_elliptical

Skill      XL: |  1  2  3  4  5  6  7  8  9 |
---------------+----------------------------+-----
Axes           | 2 3 4 5 6 |  6.0
Dodging        | 1 2 3 4 |  4.2
Shields        | 3 4 5 |  5.1
Armour         | 3 4 5 |  5.1
Polearms       | 1 2 |  2.0
Fighting       | 4 5 |  5.6
Invocations    | 3 |  3.3

Action                   |  1- 3 |  4- 6 |  7- 9 || total
-------------------------+-------+-------+-------++-------
Melee: War axe           |    99 |    17 |       ||   116
       Headbutt          |       |     5 |    19 ||    24
       Trident           |       |    28 |    30 ||    58
       Hand axe          |       |       |    88 ||    88
Invok: Heroism           |       |       |     1 ||     1
  Use: Potion            |       |     2 |     1 ||     3
       Scroll            |       |     6 |     8 ||    14
 Stab: Invisible         |       |     1 |       ||     1
Armor: Scale mail        |    30 |       |       ||    30
       Chain mail        |    26 |    24 |   110 ||   160
Dodge: Dodged            |    49 |    10 |    54 ||   113
Block: Buckler           |    28 |    10 |    34 ||    72
